 Dungeon Crawl Stone Soup version 0.32-a0-132-g2d33c3cfaf (webtiles) character file.

Game seed: 16206722824614228286

79 jasper the Ducker (level 4, -3/28 HPs)
             Began as a Deep Elf Chaos Knight on Feb 9, 2024.
             Was a Plaything of Xom.
             Killed by divine providence
             ... invoked by an orc priest
              (9 damage)
             ... on level 5 of the Dungeon.
             The game lasted 00:02:03 (789 turns).

jasper the Ducker (Deep Elf Chaos Knight)            Turns: 789, Time: 00:02:04

Health: -3/28      AC:  6    Str:  9    XL:     4   Next: 17%
Magic:  10/10      EV: 12    Int: 19    God:    Xom [*.....]
Gold:   57         SH:  0    Dex: 14    Spells: 9/9 levels left

rFire   . . .        a - +0 short sword (chaos)
rCold   . . .        (no shield)
rNeg    . . .        b - +2 leather armour
rPois   .            e - +0 helmet
rElec   .            (no cloak)
rCorr   .            (no gloves)
SInv    .            (no boots)
Will    .....        (no amulet)
Stlth   +            (no ring)
HPRegen 0.24/turn    (no ring)
MPRegen 0.12/turn

%: no passive effects
@: no status effects
A: no striking features
a: Renounce Religion


You were on level 5 of the Dungeon.
You worshipped Xom.
You were a special plaything of Xom.
You visited 1 branch of the dungeon, and saw 5 of its levels.

You collected 57 gold pieces.

Inventory:

Hand Weapons
 a - a +0 short sword of chaos (weapon)
Armour
 b - a +2 leather armour (worn)
 e - a +0 helmet (worn)
Scrolls
 g - a scroll of noise {unknown}


   Skills:
 + Level 3.0 Fighting
 - Level 3.0 Short Blades
 - Level 0.7 Armour
 + Level 3.5 Dodging
 * Level 3.1 Spellcasting


You had 9 spell levels left.
You didn't know any spells.
Your spell library contained the following spells:

 Spells                   Type           Power      Damage    Failure   Level
 Dazzling Flash           Conj/Hex       6%         N/A       52%         3
 Mephitic Cloud           Conj/Alch/Air  3%         N/A       52%         3
 Curse of Agony           Necr           3%         N/A       99%         5
 Silence                  Hex/Air        1%         N/A       99%         5


Dungeon Overview and Level Annotations

Branches:
Dungeon (5/15)
 Temple: D:4-7

Altars:
Dithmenos
Fedhas
Xom

Annotations:
D:3 1 transporter


Message History

The ogre misses your +0 flail.
The gnoll barely misses your butterfly.
Your +0 flail hits the gnoll!!
The gnoll dies!
Your Fighting skill increases to level 3!
Your Spellcasting skill increases to level 3!
You have reached level 4!
You feel clever.
You take 1 damage, and have 5/28 hp.
MP restored: 10 Unknown command.
Unknown command.
The gnoll completely misses your butterfly.
The adder bites your butterfly.
Your butterfly dies!
Your butterfly disappears in a puff of smoke!
An orc comes into view. It is wielding a +0 hand axe.
Found a stone staircase leading down.
Your +0 flail hits the adder!
The adder dies!
The gnoll hits your butterfly with a +0 spear!
Your butterfly dies!
Your butterfly disappears in a puff of smoke!
You feel your strength returning.
You swap places.
An orc priest comes into view. It is wielding a +0 club.
Xom asks Qazlal to spice things up a little.
Your butterfly disappears in a burst of colours! x3
Something barely misses the ogre.
The ogre hits your butterfly with a +0 giant club!!!
Your butterfly dies!
Your butterfly disappears in a puff of smoke!
Your butterfly disappears in a burst of colours! x4
The gnoll barely misses your butterfly. x2
The orc completely misses your butterfly.
You swap places.
Your butterfly disappears in a burst of colours!
Your butterfly is engulfed in seething chaos.
The orc priest calls down the wrath of Beogh upon you.
Beogh smites you!
You die...
Xom is highly amused!

..###..........# .....
.....$.....b..o##......
...............#.......
..........ob..b..b.....
.......<...............
..bb.........b....b.....
...........g.b§b...b...#
...........b.b....b.>##.
..##..##.###.b.b@b......
...#####.#.g.........###
...###.#.o.bb..##.....#
..(#...Ob.bb...........#
......(§(.sb....##......
O....##.........# .....#
..##S............#.##.##
.##.....#......#..[. .#
# ##...###.###.....


You could see a scorpion, an orc priest, 2 gnolls and 2 orcs.

Vanquished Creatures
  A sleepcap (D:4)
  An adder (D:3)
  A ribbon worm (D:3)
  3 ball pythons (D:4)
  2 endoplasms
  3 giant cockroaches
  2 goblins (D:3)
  A hobgoblin (D:4)
  3 kobolds
  A rat (D:1)
18 creatures vanquished.

Vanquished Creatures (collateral kills)
  A gnoll (D:5)
  An adder (D:5)
  A ribbon worm (D:4)
3 creatures vanquished.

Grand Total: 21 creatures vanquished

Notes
Turn   | Place    | Note
-------+----------+-------------------------------------------
     0 | D:1      | jasper the Deep Elf Chaos Knight began the quest for the
                  | Orb.
     0 | D:1      | Reached XP level 1. HP: 13/13 MP: 3/3
     3 | D:1      | Noticed an electric eel
     4 | D:1      | Noticed an electric eel
    81 | D:1      | XOM: divination: detect creatures
    84 | D:1      | XOM: silly message
   237 | D:3      | Reached XP level 2. HP: 18/18 MP: 4/4
   339 | D:3      | Found a shadowy altar of Dithmenos.
   352 | D:3      | XOM: smoke on damage
   353 | D:3      | XOM: snakes to sticks
   358 | D:3      | Reached skill level 1 in Spellcasting
   456 | D:3      | Found a transporter.
   474 | D:4      | XOM: summons friendly quasit
   548 | D:4      | XOM: scenery: create altars
   554 | D:4      | Reached XP level 3. HP: 11/22 MP: 7/9
   639 | D:4      | XOM: stat loss: -1 Str (8/9)
   674 | D:4      | Found a blossoming altar of Fedhas.
   748 | D:4      | XOM: summons friendly crimson imp
   753 | D:4      | XOM: summons friendly shadow imp
   759 | D:5      | Entered Level 5 of the Dungeon
   773 | D:5      | Noticed an ogre
   776 | D:5      | Noticed a scorpion
   782 | D:5      | XOM: scenery: summon butterflies
   785 | D:5      | Reached XP level 4. HP: 5/28 MP: 10/10
   787 | D:5      | XOM: chaos cloud
   789 | D:5      | Killed from afar by an orc priest

Illustrated notes

Levels and vault maps discovered:
D:1:      arrival_aquarium_b, layout_basic
D:2:      layout_loops_ring
D:3:      gammafunk_wand_slinger, layout_basic, xom_butterflies,
          nicolae_dithmenos_shadow_blocks, tso_oasis_becter, minmay_between
D:4:      layout_basic, makhleb_altar_promises_db, mainiacjoe_overflow_alcove_4,
          kennysheep_mini_moat, uniq_natasha
D:5:      layout_cave_pools, uniq_eustachio

Skill      XL: |  1  2  3 |
---------------+----------+-----
Spellcasting   | 2 3 |  3.1
Dodging        | 3 |  3.5
Fighting       | 3 |  3.0
Short Blades   | |  3.0
Armour         | |  0.7

Action                     |  1- 3 |  4- 6 || total
---------------------------+-------+-------++-------
  Melee: Short sword       |    80 |       ||    80
         Punch             |     1 |       ||     1
    Use: Scroll            |     2 |       ||     2
         Potion            |     1 |       ||     1
   Stab: Paralysed         |     1 |       ||     1
 Armour: Leather armour    |    37 |       ||    37
  Dodge: Dodged            |    53 |       ||    53

Table legend: (Time is in decaauts)
 A = Elapsed time spent in this place.
 B = Non-inter-level travel time spent in this place.
 C = Inter-level travel time spent in this place.
 D = Time resting spent in this place.
 E = Time spent auto-exploring this place.
 F = Levels seen in this place.
 G = Mean time per level.
                   A        B        C        D        E       F      G
               +--------+--------+--------+--------+--------+-----+--------+
         Total |    775 |    770 |      5 |    104 |    415 |   5 |  155.0 |
       Dungeon |    775 |    770 |      5 |    104 |    415 |   5 |  155.0 |
               +--------+--------+--------+--------+--------+-----+--------+

Top non-repeatable levels by time:
     D:4: 285 daAuts
     D:3: 243 daAuts
     D:1: 150 daAuts
     D:2: 67 daAuts
     D:5: 29 daAuts
